 Dungeon Crawl Stone Soup version 0.24-a0-417-g1cce26a4d2 (webtiles) character file.

Game seed: 17101520478717589078

120 Gargoyl the Skirmisher (level 4, -2/38 HPs)
             Began as a Centaur Abyssal Knight on June 11, 2019.
             Was a Believer of Lugonu.
             Slain by an orc (3 damage)
             ... on level 3 of the Dungeon.
             The game lasted 00:03:01 (1582 turns).

Gargoyl the Skirmisher (Centaur Abyssal Knight)     Turns: 1582, Time: 00:03:03

Health: -2/38      AC:  7    Str: 13    XL:     4   Next: 75%
Magic:  6/6        EV:  9    Int: 11    God:    Lugonu [**....]
Gold:   96         SH:  0    Dex: 16    Spells: 3/3 levels left

rFire    . . .     SeeInvis .   a - +2 hand axe
rCold    . . .     Gourm    .   (no shield)
rNeg     . . .     Faith    .   d - +0 chain mail
rPois    .         Spirit   .   (no helmet)
rElec    .         Reflect  .   (no cloak)
rCorr    .         Harm     .   (no gloves)
MR       .....                  (no barding)
Stlth    ..........             (no amulet)
HPRegen  0.12/turn              (no ring)
MPRegen  0.10/turn              (no ring)

@: agile, very quick
A: large, hooves 3, agile 1, deformed body, speed 2, tough skin 3, weak 1
a: Depart the Abyss, Bend Space, Renounce Religion


You were on level 3 of the Dungeon.
You worshipped Lugonu.
Lugonu was pleased with you.
You were hungry.

You visited 1 branch of the dungeon, and saw 3 of its levels.
You visited the Abyss 1 time.

You collected 96 gold pieces.

Inventory:

Hand Weapons
 a - a +2 hand axe (weapon)
Missiles
 f - 2 boomerangs
 n - 8 silver javelins (quivered)
Armour
 d - a +0 chain mail (worn)
Wands
 m - a wand of paralysis (11)
Scrolls
 b - a scroll of identify {unknown}
 g - a scroll of fog {unknown}
 i - a scroll of remove curse {unknown}
 j - a scroll of fear {unknown}
 k - a scroll of teleportation {unknown}
Comestibles
 c - 5 rations


   Skills:
 + Level 3.5 Fighting
 + Level 2.7 Axes
 * Level 2.1 Armour
 * Level 1.2 Dodging
 * Level 3.0 Invocations


You had 3 spell levels left.
You didn't know any spells.
Your spell library was empty.

Dungeon Overview and Level Annotations

Branches:
Dungeon (3/15)

Altars:
Nemelex Xobeh

Annotations:
D:3 Robin


Innate Abilities, Weirdness & Mutations

You have hooves in place of feet.
Armour fits poorly on your strangely shaped body.
You cover ground very quickly.
You have extremely tough skin. (AC +3)
You are agile. (Dex +2)
You are weak. (Str -2)


Message History

You slash the goblin!
You kill the goblin!
Lugonu accepts your kill.
Your Invocations skill increases to level 3!
You closely miss the goblin. You hit the goblin. You hit the hobgoblin.
Your chain mail prevents you from hitting the orc.
You hit the goblin.
You kill the goblin!
Lugonu accepts your kill.
You hit the goblin.
You kill the goblin!
Lugonu accepts your kill.
You hit the goblin.
You kill the goblin!
Lugonu accepts your kill.
A bat comes into view.
The goblin hits you.
* * * LOW HITPOINT WARNING * * *
The orc hits you.
You die...

...............
..................#
..................#
......o...........#
..................#
......o..........##
.....r†og.........#
.....o)@g....[..!.#
.....g))g.........#
...........$.†....#
...........%......######
..............$..).†....
##########.#####......##
#..# #......# ...#
#...(..# ....# #......#


You could see Robin, an orc priest, 2 orc wizards, an orc, a hobgoblin, 2
goblins and a rat.

Vanquished Creatures
  3 adders (D:2)
  2 oozes
  4 dart slugs
  4 leopard geckos
  4 giant cockroaches
  11 goblins
  7 hobgoblins
  10 jackals
  3 kobolds
  A quokka (D:2)
  6 bats
  4 frilled lizards
  7 rats
66 creatures vanquished.

Notes
Turn   | Place    | Note
-------+----------+-------------------------------------------
     0 | Abyss:1  | Gargoyl the Centaur Abyssal Knight began the quest for the
                  | Orb.
     0 | Abyss:1  | Reached XP level 1. HP: 19/19 MP: 2/2
    17 | Abyss:2  | Noticed a large abomination
    57 | Abyss:2  | Noticed a thrashing horror
    59 | D:1      | Escaped the Abyss
   243 | D:1      | Reached * piety under Lugonu
   243 | D:1      | Reached XP level 2. HP: 26/26 MP: 3/3
   334 | D:1      | Reached skill level 1 in Dodging
   430 | D:1      | Reached XP level 3. HP: 27/31 MP: 4/4
   847 | D:2      | Reached ** piety under Lugonu
   847 | D:2      | Reached XP level 4. HP: 25/38 MP: 6/6
  1102 | D:2      | Found a sparkling altar of Nemelex Xobeh.
  1313 | D:2      | Found a faded altar of an unknown god.
  1573 | D:3      | Noticed Robin
  1581 | D:3      | Gained mutation: You are weak. (Str -2) [potion of
                  | mutation]
  1581 | D:3      | Gained mutation: You are agile. (Dex +2) [potion of
                  | mutation]
  1582 | D:3      | HP: 1/38 [goblin[Robin] (1)]
  1582 | D:3      | Slain by an orc

Levels and vault maps discovered:
D:1:      saegor_arrival_simple_a, layout_rooms
D:2:      layout_rooms, chequers_ecumenical_altar_island, first_ration,
          nemelex_lonely_heart_becter
D:3:      layout_basic, nicolae_overflow_crystal_walls, uniq_robin

Skill      XL: |  1  2  3  4 |
---------------+-------------+-----
Axes           | 2 |  2.7
Dodging        | 1 |  1.2
Armour         | 2 |  2.1
Invocations    | 3 |  3.0
Fighting       | |  3.5

Action                   |  1- 3 |  4- 6 || total
-------------------------+-------+-------++-------
Melee: Hand axe          |    83 |    68 ||   151
       Kick              |    12 |    11 ||    23
Invok: Depart the Abyss  |     1 |       ||     1
  Use: Potion            |     1 |     2 ||     3
       Scroll            |     1 |       ||     1
  Eat: Chunk             |       |     1 ||     1
Armor: Chain mail        |    84 |    82 ||   166
Dodge: Dodged            |    18 |    17 ||    35

Table legend:
 A = Non-vault XP
 B = Vault XP
 C = Vault XP percentage of total XP
 D = Non-vault monster count
 E = Vault monster count
 F = Vault count percentage of total count
                 A         B        C        D         E       F
            +---------+---------+-------+---------+---------+-------
      Total |     156 |      16 |   9.3 |      58 |       8 |  12.1
            +---------+---------+-------+---------+---------+-------
        D:1 |      45 |       0 |   0.0 |      20 |       0 |   0.0
        D:2 |     103 |       0 |   0.0 |      32 |       0 |   0.0
        D:3 |       8 |      16 |  66.7 |       6 |       8 |  57.1
            +---------+---------+-------+---------+---------+-------
